 Dungeon Crawl Stone Soup version 0.20-a0-251-g16a58bf (webtiles) character file.

120 Faca the Skirmisher (level 5, -12/42 HPs)
             Began as a Formicid Fighter on Nov 30, 2016.
             Mangled by an orc
             ... wielding a +5 trident of distortion
              (16 damage)
             ... on level 3 of the Dungeon.
             The game lasted 00:05:17 (1801 turns).

Faca the Skirmisher (Formicid Fighter)              Turns: 1801, Time: 00:05:19

Health: -12/42     AC:  7    Str: 22 (23) XL:     5   Next: 25%
Magic:  5/5        EV:  8    Int:  8      God:
Gold:   95         SH:  9    Dex: 11      Spells: 4/4 levels left

rFire  . . .     SeeInvis +     a - +0 war axe
rCold  . . .     Gourm    .     b - +0 scale mail
rNeg   . . .     Faith    .     c - +0 shield
rPois  .         Spirit   .     (helmet unavailable)
rElec  .         Reflect  .     (no cloak)
rCorr  .         Harm     .     (no gloves)
MR     .....                    (no boots)
Stlth  ..........               (no amulet)
                                (no ring)
                                h - +3 ring of strength

@: no status effects
A: permanent stasis, dig shafts and tunnels, four strong arms, antennae 3
a: Dig, Shaft Self


You were on level 3 of the Dungeon.
You were not hungry.

You visited 1 branch of the dungeon, and saw 3 of its levels.

You collected 95 gold pieces.

Inventory:

Hand Weapons
 a - a +0 war axe (weapon)
Armour
 b - a +0 scale mail (worn)
 c - a +0 shield (worn)
Jewellery
 h - a +3 ring of strength (left hand)
Scrolls
 i - a scroll of fog
 j - a scroll of remove curse
 k - a scroll of magic mapping
Potions
 d - a potion of might
 e - a potion of curing
 g - a potion of brilliance
Comestibles
 f - a bread ration
 l - a royal jelly
 m - 3 fruits


   Skills:
 + Level 4.1 Fighting
 + Level 3.4 Axes
 + Level 4.0 Armour
 + Level 1.0 Dodging
 + Level 4.1 Shields


You had 4 spell levels left.
You didn't know any spells.

Dungeon Overview and Level Annotations

Branches:
Dungeon (3/15)

Altars:
Xom


Innate Abilities, Weirdness & Mutations

You cannot be hasted, slowed, berserked, paralysed or teleported.
You can dig through walls and to a lower floor.
Your four strong arms can wield two-handed weapons with a shield.
You have a pair of large antennae on your head. (SInv)


Message History

You closely miss the orc wizard.
The orc priest looks encouraged for a moment.
The orc hits you from afar with a trident of distortion!
The orc wizard barely misses you.
The orc hits you from afar with a trident of distortion.
Space bends around you. The orc wizard misses you.
The orc wizard casts a spell at you. The puff of flame hits you!
* * * LOW HITPOINT WARNING * * *
Found a stone staircase leading up.
Things that are here:
a trident; a leather armour; an orc corpse You barely miss the orc.
You hit the orc wizard. You hit the orc priest. You block the orc's attack.
The orc wizard casts a spell at you. You resist with some effort.
The orc priest closely misses you.
The orc hits you with a trident of distortion.
* * * LOW HITPOINT WARNING * * *
Space warps horribly around you!
You die...

,,* *#.......##....).......,, ,,*
*..[.....##....†.......,, ,,**
**........#..##.........,, ,,,*
**,..................##..,, ,,,*
*,,####.....#....##..#*,.,, ,*,*
*,**#...####...###*.....,** ,*,*
*,* #.#........## *#.....,*
,*,****,**#.....#o....##*,.....,,
,,,**,,,*,,.##..@o........#....,,
,,,**,*,,,,**#.o........##*....,,
,,,,,,*,,,,**#.........## *,,,,,,
,,,,,**,****......###.##***,,,,,,
,,,,,,,,**,....##.#**...,,,,,,,,,
,,,,,,***....#.*#.#*,$.##**,,,,,,
,,,,,,,**..##..,...,,*.#***,,,,,,
,,,,,,,,,.<*#..,,.#*,,,,,,,,,,,,,
,,,,,,,,,,***,,,,***,,,,,,,,,,,,,


You could see an orc priest, an orc wizard and an orc.

Vanquished Creatures
  4 adders
  4 worms
  3 dart slugs (D:1)
  2 orcs (D:3)
  2 ball pythons (D:2)
  4 bats
  3 giant cockroaches (D:1)
  5 goblins
  13 hobgoblins
  5 jackals (D:1)
  4 kobolds
  A quokka (D:3)
  3 frilled lizards
  9 rats
62 creatures vanquished.

Notes
Turn   | Place    | Note
-------+----------+-------------------------------------------
     0 | D:1      | Faca the Formicid Fighter began the quest for the Orb.
     0 | D:1      | Reached XP level 1. HP: 18/18 MP: 1/1
   186 | D:1      | Reached XP level 2. HP: 23/24 MP: 2/2
   263 | D:1      | Reached XP level 3. HP: 10/29 MP: 3/3
   924 | D:2      | Reached XP level 4. HP: 26/37 MP: 4/4
  1547 | D:2      | Found a shimmering altar of Xom.
  1747 | D:3      | Reached XP level 5. HP: 39/42 MP: 5/5
  1776 | D:3      | Reached skill level 1 in Dodging
  1801 | D:3      | Mangled by an orc

Vault maps used:
D:1:      dpeg_cavernosity
D:2:      marbit_many_paths

Skill      XL: |  1  2  3  4  5 |
---------------+----------------+-----
Axes           | 3 |  3.4
Fighting       | 4 |  4.1
Shields        | 4 |  4.1
Dodging        | 1 |  1.0
Armour         | 4 |  4.0

Action                   |  1- 3 |  4- 6 || total
-------------------------+-------+-------++-------
Melee: War axe           |    92 |   120 ||   212
  Use: Scroll            |     3 |     4 ||     7
       Potion            |       |     4 ||     4
  Eat: Bread ration      |       |     1 ||     1
       Beef jerky        |       |     1 ||     1
Armor: Scale mail        |    39 |    51 ||    90
Dodge: Dodged            |    29 |    48 ||    77
Block: Shield            |    56 |    68 ||   124
